 Dungeon Crawl Stone Soup version 0.32-a0-747-gc8563f6773 (webtiles) character file.

Game seed: 3879700370363017734

44 greenreed the Slasher (level 3, -1/28 HPs)
             Began as a Coglin Gladiator on Mar 17, 2024.
             Slain by a gnoll
             ... wielding a +0 spear
              (6 damage)
             ... on level 2 of the Dungeon.
             The game lasted 00:02:03 (1475 turns).

greenreed the Slasher (Coglin Gladiator)            Turns: 1475, Time: 00:02:03

Health: -1/28      AC:  5    Str: 11 (14) XL:     3   Next: 62%
Magic:  3/3        EV: 11    Int:  5 (7)  God:
Gold:   51         SH:  0    Dex: 14 (17) Spells: 2/2 levels left

rFire   . . .        a - +0 long sword {Suni}
rCold   . . .        f - +0 dagger {Tlaloc}
rNeg    . . .        b - +0 leather armour
rPois   .            c - +0 helmet
rElec   .            (no cloak)
rCorr   .            i - +0 pair of gloves
SInv    .            (no boots)
Will    .....        (amulet unavailable)
Stlth   +            (ring unavailable)
HPRegen 0.24/turn    (ring unavailable)
MPRegen 0.08/turn    (no gizmo)

%: no passive effects
@: brilliant, attractive, revving
A: off-hand wielding, slow wielding, warmup strikes, no jewellery
a: Invent Gizmo


You were on level 2 of the Dungeon.
You visited 1 branch of the dungeon, and saw 2 of its levels.

You collected 51 gold pieces.

Inventory:

Hand Weapons
 a - a +0 long sword (weapon) {Suni}
 f - a +0 dagger (offhand) {Tlaloc}
Missiles
 d - 3 throwing nets (quivered)
 e - a javelin
Armour
 b - a +0 leather armour (worn)
 c - a +0 helmet (worn)
 i - a +0 pair of gloves (worn)
Scrolls
 j - a scroll of enchant armour {unknown}
 m - 3 scrolls of enchant weapon {unknown}
 n - a scroll of noise {unknown}
 o - a scroll of amnesia {unknown}
Potions
 l - a potion of curing {unknown}


   Skills:
 * Level 2.8 Fighting
 * Level 3.5 Long Blades
 - Level 1.7 Throwing
 + Level 0.9 Armour
 + Level 3.0 Dodging


You had 2 spell levels left.
You didn't know any spells.
Your spell library contained the following spells:

 Spells                   Type           Power      Damage    Failure   Level
 Summon Small Mammal      Summ           0%         N/A       56%         1
 Call Canine Familiar     Summ           0%         N/A       91%         3
 Volatile Blastmotes      Fire/Tloc      0%         2d10      91%         3
 Fulminant Prism          Conj/Alch      0%         3d5       100%        4
 Iskenderun's Mystic Bla  Conj/Tloc      0%         2d3       100%        4
 Summon Blazeheart Golem  Fire/Summ      0%         N/A       100%        4


Dungeon Overview and Level Annotations

Branches:
Dungeon (2/15)

Altars:


Innate Abilities, Weirdness & Mutations

You can wield a second weapon in your off-hand.
It takes a long time for you to wield or remove held weapons.
Your first few attacks do less damage.
You cannot equip rings or amulets.


Message History

The rat squeaks loudly.
The gnoll shouts!
A gnoll comes into view. It is wielding a +0 spear. x2
The rat bites you.
You closely miss the rat with your +0 dagger.
The gnoll shouts! x2
You hit the rat with your +0 long sword.
You kill the rat!
An endoplasm comes into view.
There is an open door here.
You hit the gnoll with your +0 long sword.
The gnoll is heavily wounded.
You hit the gnoll but do no damage. The gnoll hits you but does no damage.
You barely miss the gnoll with your +0 dagger.
The gnoll is heavily wounded.
You barely miss the gnoll with your +0 long sword.
The gnoll barely misses you.
You hit the gnoll with your +0 dagger.
The gnoll is heavily wounded.
You slash the gnoll with your +0 long sword!
You kill the gnoll!
The gnoll hits you from afar with a +0 spear.
Your Dodging skill increases to level 3!
You hit the gnoll but do no damage.
You barely miss the gnoll with your +0 dagger.
The gnoll hits you from afar with a +0 spear.
The gnoll hits you with a +0 spear.
It was a potion of degeneration.
There was something very wrong with that liquid.
You feel weakened.
You feel dopey.
You feel clumsy.
The gnoll hits you from afar with a +0 spear.
* * * LOW HITPOINT WARNING * * *
The gnoll hits you with a +0 spear.
* * * LOW HITPOINT WARNING * * *
It was a potion of brilliance.
You feel clever all of a sudden. The gnoll hits you but does no damage.
The gnoll closely misses you.
It was a potion of attraction.
You feel attractive to monsters.
The gnoll hits you from afar with a +0 spear.
You die...

#....#..####
#....#.....#
#...##.###.#
#......###.#
#..>###>...#
#...# #.####
#...###.#
#...gg#.#
#..@#.#.#
#####.#..
#g### #.#
####g#
#...g#
#..........#
#.......<..#
#..........+


You could see 2 gnolls.

Vanquished Creatures
  A gnoll (D:2)
  5 endoplasms (D:1)
  A giant cockroach (D:1)
  3 goblins (D:1)
  3 hobgoblins (D:1)
  2 quokkas (D:1)
  2 ball pythons (D:1)
  5 bats (D:1)
  4 frilled lizards
  3 kobolds (D:1)
  5 rats
34 creatures vanquished.

Notes
Turn   | Place    | Note
-------+----------+-------------------------------------------
     0 | D:1      | greenreed the Coglin Gladiator began the quest for the Orb.
     0 | D:1      | Reached XP level 1. HP: 16/16 MP: 1/1
   116 | D:1      | Reached XP level 2. HP: 9/22 MP: 2/2
   680 | D:1      | Reached XP level 3. HP: 26/28 MP: 3/3
  1475 | D:2      | Slain by a gnoll

Illustrated notes

Levels and vault maps discovered:
D:1:      minmay_arrival_up_and_down, layout_basic
D:2:      layout_basic, nrook_uturn

Skill      XL: |  1  2  3 |
---------------+----------+-----
Dodging        | 3 |  3.0
Fighting       | |  2.8
Long Blades    | |  3.5
Throwing       | |  1.7
Armour         | |  0.9

Action                     || total
---------------------------++-------
  Melee: Long sword        ||    76
         Dagger            ||    65
    Use: Potion            ||     3
   Stab: Sleeping          ||     1
 Armour: Leather armour    ||    57
  Dodge: Dodged            ||    56

Table legend: (Time is in decaauts)
 A = Elapsed time spent in this place.
 B = Non-inter-level travel time spent in this place.
 C = Inter-level travel time spent in this place.
 D = Time resting spent in this place.
 E = Time spent auto-exploring this place.
 F = Levels seen in this place.
 G = Mean time per level.
                   A        B        C        D        E       F      G
               +--------+--------+--------+--------+--------+-----+--------+
         Total |   1480 |   1414 |     66 |     50 |   1144 |   2 |  740.0 |
       Dungeon |   1480 |   1414 |     66 |     50 |   1144 |   2 |  740.0 |
               +--------+--------+--------+--------+--------+-----+--------+

Top non-repeatable levels by time:
     D:1: 1363 daAuts
     D:2: 117 daAuts
